 Dungeon Crawl Stone Soup version 0.29.1-2-gbd0b4ee654 (webtiles) character file.

Game seed: 8609832647878456893

21 snek11 the Shooter (level 3, -3/21 HPs)
             Began as a Kobold Hunter on Nov 14, 2022.
             Shot themself with an arrow (12 damage)
             ... on level 1 of the Dungeon.
             The game lasted 00:02:01 (864 turns).

snek11 the Shooter (Kobold Hunter)                   Turns: 864, Time: 00:02:01

Health: -3/21      AC:  3    Str:  8    XL:     3   Next: 5%
Magic:  3/3        EV: 14    Int: 10    God:
Gold:   8          SH:  0    Dex: 20    Spells: 2/2 levels left

rFire   . . .      SeeInvis .   a - +0 shortbow
rCold   . . .      Faith    .   (shield currently unavailable)
rNeg    . . .      Spirit   .   c - +0 leather armour
rPois   .          Reflect  .   (no helmet)
rElec   .          Harm     .   (no cloak)
rCorr   .          Rampage  .   (no gloves)
Will    .....                   (no boots)
Stlth   +++.......              (no amulet)
HPRegen 0.07/turn               (no ring)
MPRegen 0.08/turn               (no ring)

@: no status effects
A: small, no large weapons, nightstalker 3
a: no special abilities


You were on level 1 of the Dungeon.
You visited 1 branch of the dungeon, and saw 1 of its levels.

You collected 8 gold pieces.

Inventory:

Hand Weapons
 a - a +0 shortbow (weapon)
Armour
 c - a +0 leather armour (worn)
Jewellery
 i - a ring of fire
Scrolls
 b - a scroll of immolation
 d - 2 scrolls of enchant weapon {unknown}
 f - 2 scrolls of identify {unknown}
 g - a scroll of vulnerability {unknown}
 h - a scroll of fear {unknown}
Potions
 e - a potion of curing {unknown}


   Skills:
 + Level 2.2 Fighting
 + Level 6.3 Ranged Weapons
 + Level 0.1 Armour
 + Level 2.5 Dodging
 + Level 1.3 Stealth


You had 2 spell levels left.
You didn't know any spells.
Your spell library was empty.

Dungeon Overview and Level Annotations

Branches:
Dungeon (1/15)

Altars:


Innate Abilities, Weirdness & Mutations

You are small and have problems with some larger weapons.
You are completely attuned to the shadows.


Message History

Fire: a) +0 shortbow
Press: ? - help, Shift-Dir - straight line, f - you Really target yourself?
That arrow is likely to hit you.
Continue anyway?
You shoot an arrow. The arrow misses you.
Fire: a) +0 shortbow
Press: ? - help, Shift-Dir - straight line, f - you Really target yourself?
Fire: a) +0 shortbow
Press: ? - help, Shift-Dir - straight line, f - you Really target yourself?
That arrow is likely to hit you.
Continue anyway?
You shoot an arrow. The arrow closely misses you.
Fire: a) +0 shortbow
Press: ? - help, Shift-Dir - straight line, f - you Really target yourself?
That arrow is likely to hit you.
Continue anyway?
You shoot an arrow. The arrow closely misses you.
Fire: a) +0 shortbow
Press: ? - help, Shift-Dir - straight line, f - you Really target yourself?
That arrow is likely to hit you.
Continue anyway?
You shoot an arrow. The arrow hits you.
Fire: a) +0 shortbow
Press: ? - help, Shift-Dir - straight line, f - you Really target yourself?
That arrow is likely to hit you.
Continue anyway?
You shoot an arrow. The arrow completely misses you.
Fire: a) +0 shortbow
Press: ? - help, Shift-Dir - straight line, f - you Really target yourself?
That arrow is likely to hit you.
Continue anyway?
You shoot an arrow. The arrow hits you.
Fire: a) +0 shortbow
Press: ? - help, Shift-Dir - straight line, f - you Really target yourself?
That arrow is likely to hit you.
Continue anyway?
You shoot an arrow. The arrow hits you!
Ouch! That really hurt!
You die...

#.# #.####
#..#######..
##.####.#
#..# #..
#.......#
#..# #..
#########
#####..# #..
.......# #..
#######.# #..
#.......# #[.
#####.#######
###
#...@.....
#......... ##
#.........
##.
#.........
######.#
..........
#⌠...⌠##
#........
#.....##
#.<.>.##
#.....##
#⌠...⌠##


There were no monsters in sight!

Vanquished Creatures
  A bat (D:1)
  3 endoplasms (D:1)
  2 giant cockroaches (D:1)
  2 hobgoblins (D:1)
  A quokka (D:1)
  2 ball pythons (D:1)
  3 frilled lizards (D:1)
  4 goblins (D:1)
  A kobold (D:1)
  2 rats (D:1)
21 creatures vanquished.

Notes
Turn   | Place    | Note
-------+----------+-------------------------------------------
     0 | D:1      | snek11 the Kobold Hunter began the quest for the Orb.
     0 | D:1      | Reached XP level 1. HP: 12/12 MP: 1/1
   121 | D:1      | Reached XP level 2. HP: 17/17 MP: 2/2
   271 | D:1      | Reached skill level 6 in Ranged Weapons
   606 | D:1      | Found a faded altar of an unknown god.
   739 | D:1      | Reached XP level 3. HP: 21/21 MP: 3/3
   864 | D:1      | Shot themself with an arrow

Illustrated notes

Levels and vault maps discovered:
D:1:      amcnicky_arrival_gap_in_the_tavern_cellar, layout_basic,
          hellmonk_ecumenical_altar_arch_garden

Skill      XL: |  1  2 |
---------------+-------+-----
Ranged Weapons | 6 |  6.3
Fighting       | |  2.2
Armour         | |  0.1
Dodging        | |  2.5
Stealth        | |  1.3

Action                   || total
-------------------------++-------
 Fire: Shortbow          ||    54
Armor: Leather armour    ||     3
Dodge: Dodged            ||    17
